 Dungeon Crawl Stone Soup version 0.20.0-15-g7f486f2 (webtiles) character file.

13 Chiseanne the Magician (level 2, -5/19 HPs)
             Began as a Demonspawn Wizard on June 15, 2017.
             Killed from afar by an orc wizard (12 damage)
             ... with a puff of flame
             ... on level 1 of the Dungeon.
             The game lasted 00:01:14 (895 turns).

Chiseanne the Magician (Demonspawn Wizard)           Turns: 895, Time: 00:01:14

Health: -5/19      AC:  4    Str:  7    XL:     2   Next: 24%
Magic:  5/6        EV: 12    Int: 19    God:
Gold:   48         SH:  0    Dex: 11    Spells: 6/7 levels left

rFire    . . .     SeeInvis .   n - +0 mace
rCold    . . .     Gourm    .   (no shield)
rNeg     . . .     Faith    .   a - +0 robe
rPois    .         Spirit   .   b - +0 hat
rElec    .         Reflect  .   (no cloak)
rCorr    .         Harm     .   (no gloves)
MR       .....                  (no boots)
Stlth    ++........             (no amulet)
Regen    0.1/turn               (no ring)
MPRegen  0.1/turn               (no ring)

@: very slightly contaminated
A: thin metallic scales 1
a: no special abilities


You were on level 1 of the Dungeon.
You were not hungry.

You visited 1 branch of the dungeon, and saw 1 of its levels.

You collected 48 gold pieces.

Inventory:

Hand Weapons
 f - a +0 short sword
 n - a +0 mace (weapon)
Missiles
 e - 15 poisoned needles
 m - 59 stones (quivered)
 q - 25 bolts
Armour
 a - a +0 robe (worn)
 b - a +0 hat (worn)
Potions
 g - a potion of ambrosia {unknown}
 h - a potion of lignification {unknown}
 j - a potion of flight {unknown}
 l - 2 potions of brilliance
 o - 2 potions of heal wounds
Books
 c - a book of Minor Magic

   Spells                             Type                      Level
   a - Magic Dart                     Conjuration                  1
   b - Blink                          Translocation                2
   c - Call Imp                       Summoning                    2
   d - Slow                           Hexes                        2
   e - Conjure Flame                  Conjuration/Fire             3
   f - Mephitic Cloud                 Conjuration/Poison/Air       3
Comestibles
 d - 2 bread rations
 r - 4 chunks of flesh


   Skills:
 - Level 1.7 Dodging
 - Level 1.7 Stealth
 * Level 3.3 Spellcasting
 * Level 1.6 Conjurations
   Level 1.0 Summonings
   Level 0.8 Translocations


You had 6 spell levels left.
You knew the following spells:

 Your Spells              Type           Power        Failure   Level  Hunger
a - Magic Dart            Conj           #...         8%          1    None


Dungeon Overview and Level Annotations

Branches:
Dungeon (1/15)

Altars:


Innate Abilities, Weirdness & Mutations

You are partially covered in thin metallic scales. (AC +2)


Message History

Where to? (Enter - D:2, ? - help)
The orc wizard shouts!
The orc wizard mumbles some strange words.
The orc wizard seems to speed up.
The orc wizard is too close now for your liking.
Casting: Magic Dart
Confirm with . or Enter, or press ? or * to list all spells.
Aiming: Magic Dart
Press: ? - help, Shift-Dir - straight line, f - orc wizard
Aim: an orc wizard, wielding a dagger and wearing a robe (fast)
The magic dart hits the orc wizard.
The orc wizard is lightly wounded.
The orc wizard points at you and mumbles some strange words.
The magic dart hits you!
The orc wizard gestures at you while chanting.
The puff of frost hits you! The orc wizard casts a spell at you.
The puff of flame hits you!
Ouch! That really hurt!
You die...

#..........#.################.
#.####.###.o.......# #. #.#
##.###.#.#####.# #.
##.###.#....#.# #.# #.
#.....###.###.#####.#### #.
#.#.##.#.## #.##.......# #.
#.#......# #.##.#####.# #.
#.#......####.#...## #.# #.
#.#......#....@....# #.# ##
#.#.........###...## #.#
#.#......#.#.###.#####.#
#.#...........##.......#
#.#.###..#.#..##.####### #.#.#
#.....#.##.#
#.#.###..#.##.##.#
#..#.##..#.##.##.#
##'##............# #####


You could see an orc wizard.

Vanquished Creatures
  An ooze (D:1)
  A giant cockroach (D:1)
  3 hobgoblins (D:1)
  A kobold (D:1)
  3 rats (D:1)
9 creatures vanquished.

Notes
Turn   | Place    | Note
-------+----------+-------------------------------------------
     0 | D:1      | Chiseanne the Demonspawn Wizard began the quest for the Orb.
     0 | D:1      | Reached XP level 1. HP: 13/13 MP: 4/4
   432 | D:1      | Gained mutation: You are partially covered in thin metallic scales. (AC +2) [demonic ancestry]
   432 | D:1      | Reached XP level 2. HP: 18/19 MP: 0/6
   895 | D:1      | Killed from afar by an orc wizard

Action                   || total
-------------------------++-------
Melee: Mace              ||     9
 Cast: Magic Dart        ||    23
  Use: Scroll            ||     4
Armor: Robe              ||     2
Dodge: Dodged            ||     5
